 Dungeon Crawl Stone Soup version 0.31.0-9-g3a7656b989 (webtiles) character file.

Game seed: 6780545044004368307

86 qw the Shooter (level 4, 0/25 HPs)
             Began as a Deep Elf Hunter on Feb 2, 2024.
             Slain by a gnoll
             ... wielding a +0 spear
              (5 damage)
             ... on level 3 of the Dungeon.
             The game lasted 00:00:05 (1324 turns).

qw the Shooter (Deep Elf Hunter)                    Turns: 1324, Time: 00:00:05

Health: 0/25       AC:  6    Str: 10    XL:     4   Next: 27%
Magic:  6/6        EV: 11    Int: 14    God:
Gold:   46         SH:  0    Dex: 18    Spells: 3/3 levels left

rFire   . . .        a - +0 shortbow (heavy)
rCold   . . .        (shield currently unavailable)
rNeg    . . .        h - +1 ring mail
rPois   .            (no helmet)
rElec   .            (no cloak)
rCorr   .            (no gloves)
SInv    .            (no boots)
Will    .....        (no amulet)
Stlth   +            (no ring)
HPRegen 0.24/turn    (no ring)
MPRegen 0.10/turn

%: no passive effects
@: no status effects
A: no striking features
a: no special abilities


You were on level 3 of the Dungeon.
You visited 1 branch of the dungeon, and saw 3 of its levels.

You collected 112 gold pieces.
You spent 66 gold pieces at shops.


   Skills:
 - Level 1.5 Fighting
 + Level 7.7 Ranged Weapons
 - Level 2.4 Dodging
 - Level 1.2 Stealth


You had 3 spell levels left.
You didn't know any spells.
Your spell library was empty.

Inventory:

Hand Weapons
 a - a +0 heavy shortbow (weapon)
Armour
 h - a +1 ring mail (worn)
Scrolls
 e - a scroll of brand weapon
Potions
 d - a potion of heal wounds
 f - a potion of magic {unknown}

Dungeon Overview and Level Annotations

Branches:
Dungeon (3/15)

Altars:
Hepliaklqana

Shops:
D:2 *:


Message History

You now have 46 gold pieces (gained 18).
A gnoll comes into view. It is wielding a +0 spear.
You shoot an arrow. The arrow hits the gnoll.
The gnoll shouts!
The gnoll is moderately wounded.
You hear a shout! x3
A gnoll comes into view. It is wielding a +0 whip.
You shoot an arrow. The gnoll shouts!
The arrow hits the gnoll but does no damage.
The gnoll is moderately wounded.
A gnoll comes into view. It is wielding a +0 spear.
You shoot an arrow. The arrow hits the gnoll!
You kill the gnoll!
You have reached level 4!
You feel clever.
You shoot an arrow. The arrow barely misses the gnoll.
A gnoll comes into view. It is wielding a +1 heavy spear.
You shoot an arrow. The arrow completely misses the gnoll.
The arrow closely misses the gnoll.
You shoot an arrow. The arrow hits the gnoll!
The gnoll is almost dead.
The gnoll barely misses you.
The gnoll hits you from afar with a +0 spear.
The gnoll barely misses you. The gnoll completely misses you.
You shoot an arrow. The arrow closely misses the gnoll.
The gnoll hits you with a +0 whip.
The gnoll hits you from afar with a +0 spear.
You shoot an arrow. The arrow hits the gnoll!
You kill the gnoll!
The gnoll barely misses you.
The gnoll hits you from afar with a +0 spear.
An orc comes into view. It is wielding a +0 club.
You shoot an arrow. The arrow barely misses the gnoll.
The orc shouts!
The arrow hits the orc!
You kill the orc!
The gnoll hits you from afar with a +0 spear!
The gnoll barely misses you.
The gnoll hits you from afar with a +0 spear.
You die...

### .># #.# ##### #.#
).... #.###.##### ......
#..........
.....g############.#####
....)g.)................
#@........##.#####
#.........##.#
###..#####..##.#
#....#($[#.....#
#....#$)(#...###
#....#$?!#...#
#....#####...#
#............#
#<...........#


You could see 2 gnolls.

Vanquished Creatures
  2 gnolls (D:3)
  3 adders (D:2)
  A dart slug (D:3)
  An orc (D:3)
  4 bats (D:1)
  3 endoplasms
  3 giant cockroaches
  6 goblins
  3 hobgoblins
  3 kobolds
  A quokka (D:1)
  4 ball pythons
  2 frilled lizards (D:1)
  4 rats
40 creatures vanquished.

Notes
Turn   | Place    | Note
-------+----------+-------------------------------------------
     0 | D:1      | qw the Deep Elf Hunter began the quest for the Orb.
     0 | D:1      | Reached XP level 1. HP: 12/12 MP: 3/3
     0 | D:1      | 0 ||| qw: Version: 0.3-a-155-g5e7d8dd
     0 | D:1      | 0 ||| qw: Game counter: 1519
     0 | D:1      | 0 ||| qw: Melee chars always use a shield: true
     0 | D:1      | 0 ||| qw: God list: Okawaru
     0 | D:1      | 0 ||| qw: Allow faded altars: false
     0 | D:1      | 0 ||| qw: Do Orc after clearing Dungeon:15 true
     0 | D:1      | 0 ||| qw: Do second Lair branch before Depths: true
     0 | D:1      | 0 ||| qw: Lair rune preference: random
     0 | D:1      | 0 ||| qw: Goals: Normal
     0 | D:1      | 0 ||| PLANNING D:1-11
   174 | D:1      | Reached XP level 2. HP: 16/16 MP: 4/4
   182 | D:1      | Reached skill level 6 in Ranged Weapons
   546 | D:1      | 546 ||| UPGRADING to +0 ring mail.
   556 | D:1      | 556 ||| DROPPING +0 leather armour.
   557 | D:1      | 557 ||| READING 2 scrolls labelled COAMUO OXYM.
   557 | D:1      | 557 ||| BRANDING +0 shortbow.
   558 | D:1      | 558 ||| READING scroll labelled ASSUUC FOGUDI.
   558 | D:1      | 558 ||| ENCHANTING +0 ring mail.
   559 | D:1      | 559 ||| READING scroll labelled ZUKHLA TAABABB.
   564 | D:1      | 564 ||| DROPPING scroll of butterflies.
   577 | D:2      | 577 ||| STAIRDANCE
   584 | D:2      | 584 ||| STAIRDANCE
   628 | D:2      | Reached XP level 3. HP: 20/20 MP: 5/5
   783 | D:2      | Found Goluoto's Vocational Training.
   801 | D:2      | Found a hazy altar of Hepliaklqana.
   820 | D:2      | Reached skill level 7 in Ranged Weapons
   876 | D:2      | Found Cicvepiu's Assorted Antiques.
   879 | D:2      | 879 ||| SHOPLISTING blackened marble ring (115 gold, have
                  | 80).
   879 | D:2      | 879 ||| BUYING scroll labelled DIC QUANEKK (23 gold).
   879 | D:2      | Bought a scroll labelled DIC QUANEKK for 23 gold pieces
   879 | D:2      | 879 ||| BUYING scroll labelled MOTTOULYSA (23 gold).
   879 | D:2      | Bought a scroll labelled MOTTOULYSA for 23 gold pieces
   879 | D:2      | 879 ||| SHOPLISTING shiny ring mail (161 gold, have 34).
   879 | D:2      | 879 ||| BUYING smoky orange potion (20 gold).
   879 | D:2      | Bought a smoky orange potion for 20 gold pieces
   879 | D:2      | 879 ||| SHOPLISTING worn gold wand (92 gold, have 14).
  1127 | D:2      | 1127 ||| READING scroll labelled DIC QUANEKK.
  1128 | D:2      | 1128 ||| READING scroll labelled MOTTOULYSA.
  1229 | D:2      | 1229 ||| READING scroll labelled FEISYAX GUWASM.
  1229 | D:2      | 1229 ||| IDENTIFYING smoky yellow potion
  1319 | D:3      | Reached XP level 4. HP: 25/25 MP: 6/6
  1324 | D:3      | HP: 5/25 [gnoll/+0 spear (7)]
  1324 | D:3      | Slain by a gnoll

Levels and vault maps discovered:
D:1:      minmay_arrival_plants_in_alcoves, layout_basic, minmay_statues_item
D:2:      layout_loops_ring, serial_shops, nicolae_shop_trees, basic_altar,
          nicolae_shop_vocational
D:3:      layout_basic, due_unseen_surprise

Skill      XL: |  1  2  3 |
---------------+----------+-----
Ranged Weapons | 6 7 |  7.7
Fighting       | |  1.5
Dodging        | |  2.4
Stealth        | |  1.2

Action                     |  1- 3 |  4- 6 || total
---------------------------+-------+-------++-------
   Fire: Shortbow          |    82 |     6 ||    88
    Use: Scroll            |     6 |       ||     6
 Armour: Leather armour    |     4 |       ||     4
         Ring mail         |    15 |     6 ||    21
  Dodge: Dodged            |    12 |     5 ||    17

Table legend:
 A = Non-vault XP
 B = Vault XP
 C = Vault XP percentage of total XP
 D = Non-vault monster count
 E = Vault monster count
 F = Vault count percentage of total count
                 A         B        C        D         E       F
            +---------+---------+-------+---------+---------+-------
      Total |     127 |       0 |   0.0 |      40 |       0 |   0.0
            +---------+---------+-------+---------+---------+-------
        D:1 |      30 |       0 |   0.0 |      20 |       0 |   0.0
        D:2 |      59 |       0 |   0.0 |      14 |       0 |   0.0
        D:3 |      38 |       0 |   0.0 |       6 |       0 |   0.0
            +---------+---------+-------+---------+---------+-------
